 Dungeon Crawl Stone Soup version 0.25-a0-322-g3677130cb1 (webtiles) character file.

Game seed: 10374685395437737749, levelgen mode: deterministic

5217 Error4North the Cleaver (level 10, 0/83 HPs)
             Began as a Hill Orc Fighter on Dec 27, 2019.
             Was a Priest of Okawaru.
             Succumbed to a killer bee's poison
             ... on level 8 of the Dungeon.
             The game lasted 00:35:39 (9502 turns).

Error4North the Cleaver (Hill Orc Fighter)          Turns: 9502, Time: 00:35:39

Health: 0/83       AC: 13    Str: 26    XL:     10   Next: 61%
Magic:  16/16      EV: 10    Int: 10    God:    Okawaru [***...]
Gold:   299        SH: 11    Dex: 10    Spells: 18/18 levels left

rFire    + . .     SeeInvis .   a - +0 war axe
rCold    . . .     Gourm    .   c - +0 shield
rNeg     . . .     Faith    .   b - +0 scale mail
rPois    .         Spirit   .   s - +0 helmet
rElec    .         Reflect  .   e - +1 cloak {MR+}
rCorr    .         Harm     .   y - +0 pair of gloves
MR       ++...                  (no boots)
Stlth    ..........             (no amulet)
HPRegen  0.23/turn              C - ring of protection from fire
MPRegen  0.15/turn              B - ring of protection from magic

@: mighty, lethally poisoned (0 -> -28), hasted, very quick
A: no striking features
a: Heroism, Renounce Religion


You were on level 8 of the Dungeon.
You worshipped Okawaru.
Okawaru was most pleased with you.
You were not hungry.

You visited 2 branches of the dungeon, and saw 9 of its levels.

You collected 359 gold pieces.
You spent 60 gold pieces at shops.

Inventory:

Hand Weapons
 a - a +0 war axe (weapon)
Missiles
 g - 320 stones
 A - 2 boomerangs (quivered)
Armour
 b - a +0 scale mail (worn)
 c - a +0 shield (worn)
 e - a +1 cloak of magic resistance (worn)
 s - a +0 helmet (worn)
 x - a scarf of repulsion
 y - a +0 pair of gloves (worn)
Jewellery
 B - a ring of protection from magic (right hand)
 C - a ring of protection from fire (left hand)
Wands
 j - a wand of flame (24)
 l - a wand of random effects (35)
 w - a wand of iceblast (12)
Scrolls
 d - 4 scrolls of remove curse
 h - 10 scrolls of teleportation
 i - 8 scrolls of identify
 k - 2 scrolls of enchant weapon {unknown}
 n - 2 scrolls of enchant armour {unknown}
 o - a scroll of magic mapping {unknown}
 q - a scroll of amnesia {unknown}
Potions
 m - a potion of cancellation
 r - a potion of berserk rage
 u - a potion of haste
Comestibles
 f - 9 rations


   Skills:
 + Level 6.1 Fighting
 + Level 9.5 Axes
 * Level 7.8 Armour
 + Level 2.5 Dodging
 + Level 0.1 Stealth
 * Level 8.5 Shields
 * Level 4.5 Spellcasting
 * Level 5.1 Evocations


You had 18 spell levels left.
You didn't know any spells.
Your spell library contained the following spells:

 Spells                   Type           Power        Failure   Level  Hunger
 Animate Skeleton         Necr           N/A          75%         1    #......
 Apportation              Tloc           #.....       75%         1    #......
 Confusing Touch          Hex            #.....       75%         1    #......
 Summon Small Mammal      Summ           #...         75%         1    #......
 Cause Fear               Hex            #.........   100%        4    #####..
 Silence                  Hex/Air        #.........   100%        5    ######.
 Yara's Violent Unravell  Hex/Tmut       #.........   100%        5    ######.
 Deflect Missiles         Chrm/Air       #.........   100%        6    #######
 Discord                  Hex            #.........   100%        8    #######


Dungeon Overview and Level Annotations

Branches:
Dungeon (8/15)             Temple (1/1) D:5
   Lair: D:8-11

Altars:
Ashenzari
Cheibriados
Dithmenos
Fedhas
Gozag
Hepliaklqana
Kikubaaqudgha
Makhleb
Nemelex Xobeh
Okawaru
Qazlal
Ru
Sif Muna
Trog
Uskayaw
Vehumet
Wu Jian
Xom
Yredelemnul
Zin
The Shining One

Shops:
D:6 !

Annotations:
D:8 Harold


Message History

You are more poisoned.
The killer bee poisons you!
The killer bee stings you but does no damage.
The killer bee barely misses you. The killer bee stings you.
* * * LOW HITPOINT WARNING * * *
You are more poisoned.
The killer bee poisons you!
The killer bee stings you but does no damage.
You feel very mighty all of a sudden.
* * * LOW HITPOINT WARNING * * *
You feel sick. You block the killer bee's attack.
The killer bee closely misses you. You block the killer bee's attack.
The killer bee stings you but does no damage.
Unknown command.
You miss the killer bee.
The killer bee is almost dead.
You completely miss the killer bee. You hit the killer bee.
You kill the killer bee!
Okawaru accepts your kill.
You die...

#.. #....#....#.# #...
#..##....##.....## ##.... .##
#...............# ..... ..
###..#...#.....###..# .##
#...#......##......#
..####..##.##...###.....##...
...##..###.###..##...........
.......##..###.####..###.#..#
......####.##..#@yh..# #
............##.#†y#..#
.##....####.......####
...#[...# #...#####
........###...##
.#.............##
....##..........#
....###.......###
....#........##


You could see a black bear and 2 killer bees.

Vanquished Creatures
  Pikel (D:5)
  Prince Ribbit (D:7)
  A hippogriff (D:7)
  2 hungry ghosts (D:7)
  Duvessa (D:7)
  A sky beast (D:5)
  A slave (D:5)
  4 black bears
  An ice beast (D:5)
  2 ogres
  A phantom (D:7)
  4 centaurs
  A big kobold (D:7)
  3 bullfrogs
  Blork the orc (D:6)
  Dowan (D:7)
  4 scorpions
  13 killer bees
  5 wights (D:7)
  3 howler monkeys
  4 crimson imps
  2 centaur skeletons
  8 orc wizards
  2 bullfrog skeletons
  6 orc priests
  Crazy Yiuf (D:2)
  3 hounds
  Terence (D:2)
  Natasha (thrice) (D:2)
  An iguana (D:8)
  5 worker ants
  A killer bee zombie (D:8)
  A hound zombie (D:5)
  A worker ant zombie (D:5)
  Robin (D:4)
  11 gnolls
  A howler monkey skeleton (D:5)
  13 adders
  A shadow imp (D:7)
  2 oozes
  An adder skeleton (D:5)
  5 worms
  2 dart slugs
  5 leopard geckos
  30 orcs
  3 ball pythons
  11 bats
  5 giant cockroaches
  15 goblins
  9 hobgoblins
  6 jackals
  9 kobolds
  2 quokkas
  7 frilled lizards
  2 quokka skeletons
  A quokka zombie (D:5)
  5 rats
237 creatures vanquished.

Notes
Turn   | Place    | Note
-------+----------+-------------------------------------------
     0 | D:1      | Error4North the Hill Orc Fighter began the quest for the
                  | Orb.
     0 | D:1      | Reached XP level 1. HP: 19/19 MP: 1/1
   103 | D:1      | Reached skill level 3 in Axes
   103 | D:1      | Reached XP level 2. HP: 22/27 MP: 2/2
   709 | D:1      | Reached XP level 3. HP: 33/33 MP: 3/3
  1276 | D:2      | Noticed Terence
  1293 | D:2      | Killed Terence
  1293 | D:2      | Reached XP level 4. HP: 25/40 MP: 3/5
  1299 | D:2      | Reached skill level 1 in Spellcasting
  1931 | D:2      | Reached XP level 5. HP: 42/46 MP: 5/7
  1967 | D:2      | Noticed Natasha
  1977 | D:2      | Killed Natasha
  2169 | D:2      | Noticed Natasha
  2183 | D:2      | Killed Natasha
  2236 | D:2      | Found a shimmering altar of Xom.
  2439 | D:2      | Reached skill level 4 in Axes
  2471 | D:2      | Noticed Natasha
  2480 | D:2      | Killed Natasha
  2500 | D:2      | Found a runed translucent door.
  2501 | D:2      | Noticed Crazy Yiuf
  2506 | D:2      | Killed Crazy Yiuf
  2506 | D:2      | Reached XP level 6. HP: 44/52 MP: 8/8
  2807 | D:3      | Reached skill level 5 in Shields
  3258 | D:3      | Reached XP level 7. HP: 37/60 MP: 10/10
  3767 | D:4      | Reached skill level 5 in Axes
  3844 | D:4      | Reached skill level 5 in Armour
  4425 | D:4      | Reached skill level 1 in Dodging
  4676 | D:4      | Noticed Robin
  4692 | D:4      | Killed Robin
  4742 | D:4      | You fall into a shaft and drop 2 floors!
  4777 | D:5      | Entered Level 5 of the Dungeon
  4778 | D:5      | Reached XP level 8. HP: 62/67 MP: 10/12
  4811 | D:5      | Found an ancient bone altar of Kikubaaqudgha.
  4966 | D:5      | Reached skill level 6 in Axes
  5069 | D:5      | Reached skill level 1 in Evocations
  5355 | D:5      | Found a staircase to the Ecumenical Temple.
  5364 | Temple   | Entered the Ecumenical Temple
  5567 | Temple   | Became a worshipper of Warmaster Okawaru
  5623 | D:5      | Reached skill level 7 in Axes
  5757 | D:5      | Noticed Pikel
  6052 | D:5      | Killed Pikel
  6052 | D:5      | Reached skill level 5 in Fighting
  6052 | D:5      | Reached XP level 9. HP: 30/74 MP: 14/14
  6328 | D:6      | Reached * piety under Okawaru
  6343 | D:6      | Noticed Blork the orc
  6360 | D:6      | Killed Blork the orc
  6556 | D:6      | Found a bloodstained altar of Trog.
  6657 | D:6      | Found a stormy altar of Qazlal.
  6700 | D:6      | Reached skill level 8 in Axes
  7008 | D:6      | Found a blossoming altar of Fedhas.
  7020 | D:6      | Found a radiant altar of Vehumet.
  7286 | D:6      | Found a glowing silver altar of Zin.
  7361 | D:6      | Found Pacikhoh's Distillery.
  7367 | D:6      | Bought a potion of heal wounds for 60 gold pieces
  7667 | D:7      | Reached ** piety under Okawaru
  7714 | D:7      | Reached XP level 10. HP: 30/82 MP: 16/16
  7997 | D:7      | Reached skill level 9 in Axes
  8193 | D:7      | Paralysed by fainting for 9 turns
  8245 | D:7      | Noticed Duvessa
  8246 | D:7      | Noticed Dowan
  8260 | D:7      | Killed Duvessa
  8271 | D:7      | Killed Dowan
  8505 | D:7      | Noticed Prince Ribbit
  8530 | D:7      | Killed Prince Ribbit
  8549 | D:7      | Reached *** piety under Okawaru
  8549 | D:7      | Reached skill level 5 in Evocations
  9084 | D:8      | Noticed Harold
  9500 | D:8      | HP: 3/83 [killer bee (4)]
  9502 | D:8      | Succumbed to a killer bee's poison

Levels and vault maps discovered:
D:1:      lightli_arrival_chessboard, layout_basic, serial_forest,
          infiniplex_forest_side_room, infiniplex_forest_straight_4,
          infiniplex_forest_lined_3_way, infiniplex_forest_clump_tiny,
          infiniplex_forest_clump_small, infiniplex_forest_zigzag_1,
          infiniplex_forest_end_1
D:2:      layout_rooms, old_standard_altar, minmay_misc_feat_diagonals,
          uniq_crazy_yiuf_cottage, uniq_terence, uniq_natasha
D:3:      layout_basic, nrook_campfire
D:4:      layout_layer_cave, first_ration, chequers_serial_rivers_small_b,
          dk_noncrumbling_2, uniq_robin
D:5:      minmay_clustersquares, layout_rooms, kiku_gazebo_pond_becter,
          minmay_temple_entry_antechambers, uniq_pikel
D:6:      layout_loops_ring, zin_statuary, kennysheep_mini,
          trog_ov_bears_minmay, grunt_qazlal_sundering, basic_altar,
          serial_shops, shop, uniq_blork_the_orc
D:7:      layout_basic, uniq_prince_ribbit1, uniq_duvessa
D:8:      layout_cave_pools, uniq_harold, uniq_erica
Temple:   minmay_temple_curvy_branch

Skill      XL: |  1  2  3  4  5  6  7  8  9 10 |
---------------+-------------------------------+-----
Axes           | 3 4 5 7 8 9 |  9.5
Spellcasting   | 1 2 3 4 |  4.5
Armour         | 4 5 6 7 |  7.8
Shields        | 4 5 6 7 8 |  8.5
Fighting       | 4 5 6 |  6.1
Dodging        | 1 2 |  2.5
Evocations     | 2 3 5 |  5.1
Stealth        | |  0.1

Action                   |  1- 3 |  4- 6 |  7- 9 | 10-12 || total
-------------------------+-------+-------+-------+-------++-------
Melee: War axe           |   102 |   176 |   513 |   218 ||  1009
       Club              |       |       |     8 |       ||     8
Throw: Stone             |     7 |     1 |       |     3 ||    11
Invok: Heroism           |       |       |       |     3 ||     3
  Use: Potion            |     1 |     3 |       |     9 ||    13
       Scroll            |       |       |     3 |     3 ||     6
  Eat: Chunk             |     1 |     7 |     4 |     1 ||    13
       Ration            |       |       |     3 |     4 ||     7
Armor: Scale mail        |    49 |    62 |   255 |   169 ||   535
Dodge: Dodged            |    26 |    56 |   180 |   126 ||   388
Block: Shield            |    60 |   107 |   305 |   196 ||   668

Table legend:
 A = Non-vault XP
 B = Vault XP
 C = Vault XP percentage of total XP
 D = Non-vault monster count
 E = Vault monster count
 F = Vault count percentage of total count
                 A         B        C        D         E       F
            +---------+---------+-------+---------+---------+-------
      Total |    5474 |    1980 |  26.6 |     206 |      30 |  12.7
            +---------+---------+-------+---------+---------+-------
        D:1 |      35 |       0 |   0.0 |      22 |       0 |   0.0
        D:2 |     200 |     111 |  35.7 |      26 |       3 |  10.3
        D:3 |     334 |       0 |   0.0 |      31 |       0 |   0.0
        D:4 |     438 |      33 |   7.0 |      18 |      11 |  37.9
        D:5 |     553 |    1003 |  64.5 |      16 |      10 |  38.5
        D:6 |     798 |     354 |  30.7 |      30 |       3 |   9.1
        D:7 |    2612 |     479 |  15.5 |      51 |       3 |   5.6
        D:8 |     504 |       0 |   0.0 |      12 |       0 |   0.0
            +---------+---------+-------+---------+---------+-------
